 Dungeon Crawl Stone Soup version 0.32-a0-135-g14f8b2e (webtiles) character file.

Game seed: 5446146155759473127

59633 jagoly the Fighter (level 14, -6/103 HPs)
             Began as a Barachi Ice Elementalist on Feb 9, 2024.
             Was a High Priest of Hepliaklqana.
             Mangled by a boulder beetle (36 damage)
             ... on level 13 of the Dungeon on Feb 10, 2024.
             The game lasted 03:09:36 (22389 turns).

jagoly the Fighter (Barachi Ice Elementalist)      Turns: 22389, Time: 03:09:36

Health: -6/103     AC: 20    Str: 10    XL:     14   Next: 95%
Magic:  13/27      EV: 14    Int: 26    God:    Hepliaklqana [*****.]
Gold:   1514       SH:  0    Dex: 13    Spells: 1/31 levels left

rFire   . . .        e - staff of death
rCold   . . .        S - orb {light}
rNeg    + . .        s - quicksilver dragon scales
rPois   .            f - +0 helmet {SInv}
rElec   .            q - +0 cloak
rCorr   .            o - +1 pair of gloves
SInv    +            z - +2 pair of boots
Will    ++...        t - amulet of regeneration
Stlth   +            Z - ring of wizardry
HPRegen 1.17/turn    n - +6 ring of intelligence
MPRegen 0.20/turn

%: wizardry (x1)
@: lethally poisoned (-6 -> -10), death channelling, animating dead, slowed,
glowing, very slow
A: reduced essence, amphibious, slowness 1, strong legs 2, +LOS
a: Hop, Renounce Religion, Recall Ancestor, Ancestor Identity, Transference,
Idealise


You were on level 13 of the Dungeon.
You worshipped Hepliaklqana.
Hepliaklqana was extremely pleased with you.
You visited 4 branches of the dungeon, and saw 20 of its levels.

You collected 1514 gold pieces.

Inventory:

Hand Weapons
 w - the +0 short sword "Wyassut" {freeze, Will+}
   (You found it on level 11 of the Dungeon)

   Will+:     It increases your willpower.
Missiles
 b - 5 throwing nets
 d - 150 stones (quivered)
 h - 4 javelins
 H - 6 boomerangs
 R - 34 poisoned darts
 T - 5 curare-tipped darts
Armour
 f - a +0 helmet of see invisible (worn)
 o - a +1 pair of gloves (worn)
 q - a +0 cloak (worn)
 s - quicksilver dragon scales (worn)
 z - a +2 pair of boots (worn)
 S - an orb of light (worn)
Magical Staves
 a - a staff of cold
 e - a staff of death (weapon)
Jewellery
 n - a +6 ring of intelligence (right hand)
 r - a ring of protection from fire
 t - an amulet of regeneration (around neck)
 x - a ring of protection from cold
 C - a +6 ring of intelligence
 P - a ring of resist corrosion
 Z - a ring of wizardry (left hand)
Wands
 y - a wand of flame (37)
 E - a wand of mindburst (4)
 J - a wand of paralysis (38)
 W - a wand of iceblast (12)
Scrolls
 l - 10 scrolls of teleportation
 v - 5 scrolls of fog
 A - a scroll of summoning {unknown}
 B - 2 scrolls of enchant armour {unknown}
 D - a scroll of fear
 F - 2 scrolls of blinking {unknown}
 I - 2 scrolls of vulnerability {unknown}
 L - a scroll of poison {unknown}
 N - a scroll of brand weapon {unknown}
 O - a scroll of silence {unknown}
 Q - 2 scrolls of revelation {unknown}
Potions
 c - 2 potions of might {unknown}
 g - 2 potions of magic
 i - a potion of curing
 j - 8 potions of mutation
 k - 3 potions of heal wounds
 p - 6 potions of enlightenment
 u - 2 potions of invisibility {unknown}
 K - 2 potions of brilliance {unknown}
 M - 2 potions of resistance {unknown}
 U - a potion of cancellation {unknown}
 V - 3 potions of ambrosia
 X - 6 potions of degeneration {unknown}
 Y - 4 potions of haste {unknown}
Miscellaneous
 m - a box of beasts (inert)
 G - a lightning rod (1/4)


   Skills:
 - Level 12.0 Fighting
 - Level 10.0 Throwing
 * Level 8.4 Armour
 - Level 10.0 Dodging
 - Level 4.0 Stealth
 - Level 9.0 Spellcasting
 - Level 6.0 Conjurations
 - Level 12.0 Necromancy
 - Level 5.0 Ice Magic
 - Level 8.0 Earth Magic
 - Level 4.0 Evocations


You had one spell level left.
You knew the following spells:

 Your Spells              Type           Power      Damage    Failure   Level
a - Freeze                Ice            100%       1d10      1%          1
b - Borgnjor's Vile Clut  Necr/Erth      38%        N/A       1%          5
c - Stone Arrow           Conj/Erth      96%        3d13      1%          3
t - Frozen Ramparts       Ice            74%        1d12      1%          3
w - Passwall              Erth           52%        N/A       1%          3
C - Death Channel         Necr           42%        N/A       4%          6
D - Animate Dead          Necr           84%        N/A       1%          4
S - Swiftness             Air            11%        N/A       13%         3
Z - Sublimation of Blood  Necr           84%        N/A       1%          2

Your spell library contained the following spells:

 Spells                   Type           Power      Damage    Failure   Level
 Magic Dart               Conj           100%       1d8       1%          1
 Sandblast                Erth           100%       2d20      1%          1
 Momentum Strike          Conj/Tloc      54%        3d9       1%          2
 Searing Ray              Conj           84%        2d7       1%          2
 Ozocubu's Armour         Ice            37%        N/A       1%          3
 Ensorcelled Hibernation  Hex/Ice        48%        N/A       2%          2
 Brom's Barrelling Bould  Conj/Erth      48%        2d7       2%          4
 Summon Ice Beast         Ice/Summ       24%        N/A       4%          3
 Blink                    Tloc           22%        N/A       7%          2
 Call Imp                 Summ           22%        N/A       7%          2
 Lesser Beckoning         Tloc           22%        N/A       7%          2
 Petrify                  Alch/Erth      32%        N/A       9%          4
 Fulminant Prism          Conj/Alch      13%        3d8       13%         4
 Arcjolt                  Conj/Air       13%        1d23      32%         5
 Irradiate                Conj/Alch      13%        3d16      32%         5
 Vhi's Electric Charge    Tloc/Air       22%        N/A       38%         4
 Summon Forest            Summ/Tloc      5%         N/A       73%         5
 Summon Mana Viper        Hex/Summ       11%        N/A       73%         5
 Summon Cactus Giant      Summ           5%         N/A       99%         6
 Summon Hydra             Summ           5%         N/A       100%        7
 Maxwell's Capacitive Co  Air            5%         ∞         100%        8


Dungeon Overview and Level Annotations

Branches:
Dungeon (13/15) Zot: 25580  Temple (1/1) D:4 Zot: 5975    Lair (5/5) D:11 Zot: 23027
  Swamp (0/4) Lair:3       Spider (0/4) Lair:2        Slime (0/5) Lair:4
    Orc (1/2) D:11 Zot: 5375
 Vaults: D:13-14

Altars:
Ashenzari
Dithmenos
Elyvilon
Fedhas
Gozag
Hepliaklqana
Kikubaaqudgha
Makhleb
Nemelex Xobeh
Okawaru
Qazlal
Ru
Sif Muna
Trog
Uskayaw
Vehumet
Wu Jian
Xom
Yredelemnul
Zin
The Shining One
Jiyva

Shops:
D:1 =[(   D:5 (

Annotations:
D:13 Sonja
Lair:4 dig


Innate Abilities, Weirdness & Mutations

Your life essence is reduced to manifest your ancestor. (-10% HP)
You are amphibious.
You cover ground slowly.
You can hop long distances.
You have an extended range of vision and can be seen from far away.


Message History

You swap places.
You now have 1419 gold pieces (gained 18).
You swap places.
You swap places.
You now have 1443 gold pieces (gained 24).
You swap places.
You swap places.
You swap places.
You swap places.
Your unholy channel is weakening.
Your unholy channel expires.
Your spectral orc fades into mist! x2
Your spectral orc wizard fades into mist!
Magic restored.
An orc comes into view. It is wielding a +0 whip.
The orc shouts!
An orc is nearby!
Cast which spell? (? or * to list)
Aiming: Stone Arrow (safe; 1% risk of failure)
Press: ? - help, Shift-Dir - straight line, f - orc
Aim: an orc, wielding a +0 whip (ally target, haloed, 83% to hit)
The stone arrow hits the orc!!
You kill the orc!
The dead are walking!
Cast which spell? (? or * to list)
You feel a surge of power!
You draw magical energy from your own body!
HP restored.
You swap places.
Your reaping aura is weakening.
You now have 1456 gold pieces (gained 13).
Your reaping aura expires.
You now have 1476 gold pieces (gained 20).
You now have 1489 gold pieces (gained 13).
You now have 1502 gold pieces (gained 13).
You now have 1514 gold pieces (gained 12).
You swap places.
You swap places.
Items here: ))) [[[ †.
Things that are here:
a +0 club; a +0 dagger
Things that are here:
a +0 troll leather armour; a troll corpse You swap places.
You swap places.
You swap places.
You swap places.
You swap places.
You swap places.
You enter the deep water.
Found an escape hatch in the floor.
You swap places.
You swap places.
You enter the deep water.
Things that are here:
a +0 troll leather armour; a troll skeleton
Items here: ))) [[ ÷.
You see here a +0 arbalest.
Things that are here:
a +0 short sword; a +0 leather armour; a +0 club Done exploring.
Done exploring.
Okay, then.
You swap places.
You swap places.
You swap places.
You swap places.
You swap places.
You swap places.
You swap places.
Items here: ))) [[[ ÷.
Things that are here:
a +0 club; a +0 dagger
Things that are here:
a +0 troll leather armour; a troll skeleton
There is a stone staircase leading down here.
Search for what [Enter for "throw", or ? for help]? .
Search for what [Enter for "."]? arb Unknown command.
What level of the Dungeon? (default 11, ? - help)
There is an open gate here.
You see here a +0 hand axe.
Things that are here:
a +0 falchion; a +0 leather armour
Items here: )) [[.
Things that are here:
a +0 dagger; a +0 falchion
Items here: ))))))))) [[[[[[ ÷÷.
There is an open door, spattered with blood here.
Items here: ))))) [[[[.
There is a staircase back to the Dungeon, spattered with blood here.
You climb upwards.
Welcome back to the Dungeon!
There is a staircase to the Orcish Mines here.
Things that are here:
a +0 shortbow; a centaur skeleton
There is a stone staircase leading down here.
You climb downwards.
There is a stone staircase leading up here.
There is a stone staircase leading up here.
You see here a +0 spear.
There is a stone staircase leading down here.
You climb downwards.
Level annotation: Sonja The basilisk hisses angrily.
Found a golden potion and 6 gold pieces.
There is a stone staircase leading up here.
A basilisk is nearby!
Unknown command.
Cast which spell? (? or * to list)
Aiming: Borgnjor's Vile Clutch (dangerous; 2% risk of failure)
Press: ? - help, Shift-Dir - straight line, f - basilisk
Aim: a basilisk (ally target, 100% to hit)
You feel a surge of power! The Crazy Frog avoids your attack.
Zombie hands grab the basilisk.
The zombie hands constrict the basilisk!
The basilisk struggles to escape constriction.
Cast which spell? (? or * to list)
Aiming: Stone Arrow (safe; 1% risk of failure)
Press: ? - help, Shift-Dir - straight line, f/p - basilisk
Aim: a basilisk (moderately wounded, constricted by zombie hands, ally target, 95% to hit)
The stone arrow hits the basilisk!!
The basilisk is almost dead.
The zombie hands constrict the basilisk!
You kill the basilisk!
Cast which spell? (? or * to list)
You feel a surge of power!
You draw magical energy from your own body!
HP restored.
Magic restored.
X - 6 golden potions (gained 1)
Found a stone staircase leading down.
You see here a basilisk corpse.
A boulder beetle, a deep elf archer, a four-headed hydra, a swamp dragon, 2 manticores and a tengu conjurer come into view.
The deep elf archer shouts!
The four-headed hydra roars!
The swamp dragon roars deafeningly!
The tengu conjurer shouts!
You hear a shout!
A tengu warrior comes into view. It is wielding a +2 battleaxe.
A slime creature comes into view.
A centaur warrior comes into view.
The manticore moves out of view.
You see here 6 gold pieces.
Unknown command.
You swap places.
The Crazy Frog hits the four-headed hydra with a +0 flail!
The four-headed hydra closely misses The Crazy Frog.
The four-headed hydra bites The Crazy Frog.
The Crazy Frog blocks the four-headed hydra's attack. x2
Cast which spell? (? or * to list)
You feel a surge of power!
Malign forces permeate your being, awaiting release.
You hear a shout!
The Crazy Frog hits the four-headed hydra with a +0 flail!
The four-headed hydra barely misses The Crazy Frog.
The four-headed hydra closely misses The Crazy Frog.
The four-headed hydra bites The Crazy Frog but does no damage.
The four-headed hydra barely misses The Crazy Frog.
Cast which spell? (? or * to list)
You feel a surge of power!
You call upon the dead to rise.
The Crazy Frog blocks the four-headed hydra's attack.
The four-headed hydra bites The Crazy Frog but does no damage. x2
The Crazy Frog blocks the four-headed hydra's attack.
The Crazy Frog hits the four-headed hydra with a +0 flail!
The four-headed hydra barely misses The Crazy Frog.
The four-headed hydra bites The Crazy Frog.
The four-headed hydra bites The Crazy Frog but does no damage.
The four-headed hydra closely misses The Crazy Frog.
Cast which spell? (? or * to list)
Aiming: Borgnjor's Vile Clutch (dangerous; 2% risk of failure)
Press: ? - help, Shift-Dir - straight line, f - four-headed hydra
Aim: a four-headed hydra (moderately wounded, ally target, haloed, 100% to hit)
You feel a surge of power!
You miscast Borgnjor's Vile Clutch.
You are very lightly contaminated with residual magic.
Nothing appears to happen.
The Crazy Frog hits the four-headed hydra with a +0 flail!!
The Crazy Frog blocks the four-headed hydra's attack.
The four-headed hydra bites The Crazy Frog but does no damage. x2
The four-headed hydra bites The Crazy Frog.
Cast which spell? (? or * to list)
Aiming: Borgnjor's Vile Clutch (dangerous; 2% risk of failure)
Press: ? - help, Shift-Dir - straight line, f/p - four-headed hydra
Aim: a four-headed hydra (heavily wounded, not watching you, ally target, haloed, 100% to hit)
You feel a surge of power! The Crazy Frog avoids your attack.
Zombie hands grab the four-headed hydra.
The zombie hands constrict the four-headed hydra!
The four-headed hydra barely misses The Crazy Frog.
The Crazy Frog blocks the four-headed hydra's attack.
The four-headed hydra bites The Crazy Frog.
The Crazy Frog blocks the four-headed hydra's attack.
The Crazy Frog completely misses the four-headed hydra.
Cast which spell? (? or * to list)
You feel a surge of power!
You draw magical energy from your own body!
The zombie hands constrict the four-headed hydra.
The four-headed hydra bites The Crazy Frog.
The four-headed hydra bites The Crazy Frog!
The Crazy Frog blocks the four-headed hydra's attack. x2
Cast which spell? (? or * to list)
You feel a surge of power!
You draw magical energy from your own body!
The zombie hands constrict the four-headed hydra.
The Crazy Frog hits the four-headed hydra with a +0 flail.
The four-headed hydra bites The Crazy Frog but does no damage.
The four-headed hydra bites The Crazy Frog!
The four-headed hydra bites The Crazy Frog but does no damage.
The four-headed hydra closely misses The Crazy Frog.
Cast which spell? (? or * to list)
You feel a surge of power!
You draw magical energy from your own body!
The zombie hands constrict the four-headed hydra!
The Crazy Frog blocks the four-headed hydra's attack.
The four-headed hydra bites The Crazy Frog.
The Crazy Frog blocks the four-headed hydra's attack.
The four-headed hydra bites The Crazy Frog.
The Crazy Frog hits the four-headed hydra with a +0 flail!
The four-headed hydra dies!
The dead are walking!
A glowing mist starts to gather...
Your Armour skill increases to level 8!
A boulder beetle comes into view.
The tengu conjurer points at you and mumbles some strange words.
The bolt of lightning hits The Crazy Frog!!
The Crazy Frog is destroyed!
The bolt of lightning misses you.
The manticore flicks its tail.
The volley of spikes skewers you!
The barbed spikes become lodged in your body.
The boulder beetle leaps!
Something hits your spectral four-headed hydra!!
The manticore bites your spectral four-headed hydra!
The manticore claws your spectral four-headed hydra.
The manticore claws your spectral four-headed hydra!
The boulder beetle moves out of view.
You hear two shouts!
You hear a shout!
Cast which spell? (? or * to list)
Aiming: Borgnjor's Vile Clutch (dangerous; 2% risk of failure)
Press: ? - help, Shift-Dir - straight line You feel a surge of power!
Your spectral four-headed hydra is unaffected.
Zombie hands grab the manticore.
Zombie hands grab the centaur warrior.
The zombie hands constrict the manticore.
The zombie hands constrict the centaur warrior.
Your spectral four-headed hydra bites the manticore.
Your spectral four-headed hydra bites the manticore!
Your spectral four-headed hydra bites the manticore.
Your spectral four-headed hydra bites the manticore!
Your spectral four-headed hydra drains the manticore.
The manticore flicks its tail.
The volley of spikes skewers your spectral four-headed hydra!
The boulder beetle bites your spectral four-headed hydra!
Cast which spell? (? or * to list)
Aiming: Borgnjor's Vile Clutch (dangerous; 2% risk of failure)
Press: ? - help, Shift-Dir - straight line, f - boulder beetle
Aim: a boulder beetle (100% to hit)
You feel a surge of power!
Your four-headed hydra zombie is unaffected.
Your spectral four-headed hydra is unaffected.
Zombie hands grab the boulder beetle.
Zombie hands grab the tengu conjurer.
Zombie hands grab the boulder beetle.
The zombie hands constrict the boulder beetle, but do no damage.
The zombie hands constrict the boulder beetle.
The zombie hands constrict the manticore!
You kill the manticore!
The zombie hands constrict the tengu conjurer.
The zombie hands constrict the centaur warrior!
The dead are flying!
A glowing mist starts to gather...
The centaur warrior wields a +4 orcbow.
The centaur warrior shoots an arrow.
The arrow hits your spectral four-headed hydra!!
Your spectral four-headed hydra is destroyed!
The tengu conjurer casts a spell.
The tengu conjurer conjures a globe of magical energy!
The boulder beetle struggles to leap free from constriction.
The boulder beetle bites your spectral manticore!
You hear a shout!
Your magical contamination has completely faded away.
A battlesphere comes into view.
Okay, then.
Cast which spell? (? or * to list)
Casting: Frozen Ramparts (safe; 1% risk of failure)
Press: ? - help, Dir - look around, f - activate This square is lit by a halo.
Okay, then.
Unknown command.
Cast which spell? (? or * to list)
Casting: Frozen Ramparts (safe; 1% risk of failure)
Press: ? - help, Dir - look around, f - activate This square is lit by a halo.
The walls around you are covered in ice.
The zombie hands constrict the boulder beetle!
The zombie hands constrict the boulder beetle.
The zombie hands constrict the tengu conjurer.
The zombie hands constrict the centaur warrior.
Your four-headed hydra zombie bites the deep elf archer!
Your four-headed hydra zombie barely misses the deep elf archer.
Your four-headed hydra zombie bites the deep elf archer.
Your four-headed hydra zombie bites the deep elf archer!
The tengu conjurer struggles to escape constriction.
Your spectral manticore bites the boulder beetle but does no damage.
Your spectral manticore claws the boulder beetle but does no damage. x2
The wall freezes the boulder beetle but does no damage.
The boulder beetle bites your four-headed hydra zombie!!
The boulder beetle struggles to escape constriction.
The deep elf archer unwields a +0 short sword.
The deep elf archer wields a +0 shortbow.
The deep elf archer shoots an arrow.
The arrow hits your four-headed hydra zombie!!
The zombie hands constrict the boulder beetle.
The zombie hands constrict the boulder beetle, but do no damage.
The zombie hands constrict the tengu conjurer!
The zombie hands constrict the centaur warrior!
Your four-headed hydra zombie bites the deep elf archer.
Your four-headed hydra zombie bites the deep elf archer!
Your four-headed hydra zombie completely misses the deep elf archer.
Your four-headed hydra zombie bites the deep elf archer.
The wall freezes the boulder beetle but does no damage.
The boulder beetle bites your four-headed hydra zombie!!
Your spectral manticore bites the boulder beetle but does no damage.
Your spectral manticore claws the boulder beetle!
Your spectral manticore claws the boulder beetle.
You carefully extract the barbed spikes from your body.
The zombie hands constrict the boulder beetle. x2
The zombie hands constrict the tengu conjurer.
The zombie hands constrict the centaur warrior!
The zombie hands lose their grip on the centaur warrior.
The zombie hands lose their grip on the tengu conjurer.
The deep elf archer unwields a +0 shortbow.
The deep elf archer wields a +0 short sword.
The deep elf archer hits your four-headed hydra zombie with a +0 short sword!
Something bites your four-headed hydra zombie!
Something claws your four-headed hydra zombie.
Something tramples your four-headed hydra zombie.
Your four-headed hydra zombie holds its ground!
The wall freezes the boulder beetle but does no damage.
The boulder beetle bites your four-headed hydra zombie!!
The boulder beetle bites your spectral manticore!
Your spectral manticore bites the boulder beetle but does no damage.
Your spectral manticore claws the boulder beetle but does no damage.
Your spectral manticore claws the boulder beetle.
The zombie hands constrict the boulder beetle.
The zombie hands constrict the boulder beetle!
Your four-headed hydra zombie bites the deep elf archer!
The deep elf archer dies!
The dead are walking!
The wall freezes the boulder beetle but does no damage.
The boulder beetle bites your four-headed hydra zombie!
Your four-headed hydra zombie is destroyed!
The boulder beetle bites your spectral manticore!!
Your spectral manticore bites the boulder beetle!
Your spectral manticore claws the boulder beetle but does no damage. x2
Training target 12.0 for Necromancy reached!
Your Necromancy skill increases to level 12!
Cast which spell? (? or * to list)
Aiming: Borgnjor's Vile Clutch (dangerous; 1% risk of failure)
Press: ? - help, Shift-Dir - straight line, f - tengu conjurer
Aim: a tengu conjurer (severely wounded, haloed, 100% to hit)
You feel a surge of power!
Zombie hands grab the swamp dragon.
Zombie hands grab the tengu conjurer.
Your spectral manticore is unaffected.
The battlesphere is unaffected.
The zombie hands constrict the boulder beetle.
The zombie hands constrict the boulder beetle!
The zombie hands constrict the swamp dragon.
The zombie hands constrict the tengu conjurer.
The zombie hands release their grip on the boulder beetle.
You hear a bow twang.
An arrow appears from out of your range of vision.
The arrow hits your spectral manticore.
Your manticore zombie bites the swamp dragon.
Your manticore zombie claws the swamp dragon but does no damage. x2
Your spectral manticore bites the boulder beetle but does no damage.
Your spectral manticore barely misses the boulder beetle.
Your spectral manticore claws the boulder beetle.
Your spectral manticore drains the boulder beetle.
The wall freezes the swamp dragon.
The swamp dragon breathes poison at you.
The blast of poison engulfs you!
You are poisoned.
The wall freezes the boulder beetle but does no damage.
Unknown command.
Okay, then.
Unknown command.
The frozen ramparts melt away as you move.
You are engulfed in poison gas.
You are more poisoned.
The zombie hands constrict the boulder beetle!
The zombie hands constrict the swamp dragon!
The zombie hands constrict the tengu conjurer.
You feel extremely sick.
The zombie hands release their grip on the boulder beetle.
You lose your grip on the polar bear.
The swamp dragon changes into a polar bear!
Your deep elf archer zombie closely misses the centaur warrior.
The boulder beetle leaps!
Your spectral manticore bites the tengu conjurer!
The tengu conjurer dies!
The battlesphere dissipates.
A glowing mist starts to gather...
Your spectral manticore claws your spectral tengu conjurer!
Your spectral manticore claws your spectral tengu conjurer.
The centaur warrior shoots an arrow.
The arrow hits your spectral tengu conjurer!
Something hits your spectral manticore.
Something kicks your spectral manticore.
Your spectral manticore is destroyed!
Unknown command.
You feel very sick.
Sonja shouts!
The centaur warrior shoots an arrow.
The arrow closely misses your spectral tengu conjurer.
The arrow hits the polar bear!
Your spectral tengu conjurer hits the boulder beetle but does no damage.
Your spectral tengu conjurer pecks the boulder beetle but does no damage.
Your spectral tengu conjurer claws the boulder beetle but does no damage.
Unknown command.
Unknown command.
You feel very sick.
The centaur warrior unwields a +4 orcbow.
The centaur warrior hits your spectral tengu conjurer!
The centaur warrior kicks your spectral tengu conjurer but does no damage.
The centaur warrior wields a +4 orcbow.
The centaur warrior shoots an arrow.
The arrow hits your spectral tengu conjurer!!
Your spectral tengu conjurer is destroyed!
The polar bear is engulfed in poison gas.
The polar bear is poisoned.
Unknown command.
Unknown command.
Unknown command.
You feel very sick.
Sonja throws a curare-tipped dart.
The curare-tipped dart hits you.
You are more poisoned.
You have difficulty breathing.
* * * LOW HITPOINT WARNING * * *
You feel yourself slow down.
Unknown command.
You feel better.
Sonja gestures wildly while chanting.
Sonja blinks!
The polar bear is engulfed in poison gas.
The polar bear looks even sicker.
Your manticore zombie bites the polar bear!
Your manticore zombie barely misses the polar bear.
Your manticore zombie claws the polar bear.
Unknown command.
Unknown command.
The polar bear goes berserk!
The centaur warrior shoots an arrow.
The arrow hits your manticore zombie!!
You hear a shout!
Unknown command.
The centaur warrior shoots an arrow.
The arrow hits your manticore zombie!
The polar bear rages.
Sonja throws a curare-tipped dart.
The curare-tipped dart closely misses you.
A centaur warrior comes into view.
A two-headed ogre comes into view.
It is wielding a +0 giant club and a +0 giant spiked club.
The boulder beetle curls into a ball and begins rolling!
The centaur warrior shoots an arrow.
The arrow hits your manticore zombie!! The polar bear barely misses you.
The polar bear closely misses you. x2
Sonja throws a curare-tipped dart.
The curare-tipped dart hits you.
You are poisoned.
You have difficulty breathing.
* * * LOW HITPOINT WARNING * * *
You feel as though you will be slow longer.
The centaur warrior wields a +0 shortbow.
The centaur warrior shoots an arrow.
The arrow hits your spectral deep elf archer!
There is a stone staircase leading up here.
Unknown command.
Press: ? - help, v - describe, . - travel
Here: a polar bear shaped shifter (almost dead, berserk, very poisoned, haloed)
The floor.
Aiming: Paralyse
Press: ? - help, Shift-Dir - straight line, f - polar bear
Aim: a polar bear shaped shifter (almost dead, berserk, very poisoned, haloed, chance to affect: 59%)
Okay, then.
Read: scroll of fear
Press: ? - help, Dir - look around, f - activate Look: a polar bear shaped shifter (almost dead, berserk, very poisoned, haloed, not susceptible)
Okay, then.
Unknown command.
Press: ? - help, v - describe, . - travel
Here: a centaur warrior, wielding a +4 orcbow (moderately wounded)
The floor.
Unknown command.
Press: ? - help, v - describe, . - travel
Here: a polar bear shaped shifter (almost dead, berserk, very poisoned, haloed)
The floor.
Unknown command.
You feel very sick.
The polar bear bites you but does no damage.
The polar bear claws you.
* * * LOW HITPOINT WARNING * * *
The polar bear completely misses you.
Your spectral deep elf archer hits the centaur warrior.
Sonja casts a spell.
Sonja blinks!
The centaur warrior shoots an arrow.
The arrow hits your spectral deep elf archer!
The polar bear barely misses you. The polar bear claws you.
* * * LOW HITPOINT WARNING * * *
The polar bear claws you but does no damage.
Your spectral deep elf archer hits the centaur warrior.
The boulder beetle hits you!!!
You die...
Hepliaklqana delivers you to your ancestors.

###### .......
.......###
.........############
.......#@............
........hB...........
.##.....○.........#..
.......○c.........#
##.####Z.†......### ..
#.........# .
#.K....§..#
#Z.......O...
.BQß...c..............
.


You could see a boulder beetle (rolling), 2 centaur warriors, a two-headed ogre,
a polar bear shaped shifter (berserk, very poisoned), Sonja, a friendly spectral
deep elf archer and a friendly manticore zombie.

Vanquished Creatures
  Jorgrun (Orc:1)
  An orc warlord (Orc:1)
  A catoblepas (Lair:2)
  2 hydras
  A merfolk avatar (Lair:5)
  3 boulder beetles
  3 death yaks (Lair:2)
  Erica (D:9)
  A two-headed ogre (D:11)
  Urug (D:10)
  An orb spider (Lair:2)
  An orange crystal statue (Lair:2)
  2 necromancers (Orc:1)
  Pikel (D:6)
  2 harpies (Lair:5)
  An oklob plant (Lair:4)
  A manticore (D:13)
  3 black mambas (Lair:1)
  2 kobold blastminers (Orc:1)
  4 cane toads
  A torpor snail (Lair:2)
  Maggie (D:7)
  3 gargoyles (D:12)
  11 komodo dragons
  3 rime drakes
  A hornet (Lair:5)
  6 trolls
  2 polar bears (Lair:3)
  16 blink frogs
  Grinder (D:3)
  Sigmund (D:2)
  9 slime creatures (D:12)
  4 wyverns
  A vampire (D:9)
  36 yaks
  4 basilisks
  3 steam dragons
  2 swamp worms (Lair:3)
  13 water moccasins
  17 orc warriors
  2 sky beasts (D:7)
  2 black bears (Lair:3)
  3 ice beasts
  3 ogres
  18 wolves
  4 centaurs
  A lemure (D:6)
  2 phantoms
  3 kobold brigands
  Blork the orc (D:6)
  11 bullfrogs
  A gnoll sergeant (D:12)
  4 scorpions
  A cyclops zombie (Orc:1)
  3 wights (D:6)
  22 killer bees
  A troll zombie (Orc:1)
  5 electric eels
  3 hounds
  4 jellies
  9 orc priests
  Ijyb (D:3)
  Jessica (D:3)
  2 sleepcaps
  7 orc wizards
  An ogre skeleton (Orc:1)
  Robin (D:3)
  9 adders
  10 gnolls
  3 white imps
  2 ufetubi (D:6)
  A dart slug (D:2)
  3 ribbon worms
  64 orcs
  9 ball pythons
  5 endoplasms
  A giant cockroach (D:1)
  15 goblins
  4 hobgoblins
  A jackal (D:5)
  22 kobolds
  5 quokkas
  5 bats
  4 frilled lizards
  2 hobgoblin zombies (D:7)
  A kobold skeleton (D:7)
  An orc skeleton (D:7)
  An orc zombie (Orc:1)
  A rat (D:2)
453 creatures vanquished.

Vanquished Creatures (collateral kills)
  2 hydras
  A boulder beetle (Lair:4)
  2 death yaks (Lair:2)
  2 skysharks (Lair:5)
  A deep elf archer (D:13)
  A cyclops (D:12)
  2 manticores
  3 cane toads
  2 rime drakes (Lair:5)
  An unseen horror (D:12)
  A komodo dragon (Lair:5)
  A tengu conjurer (D:13)
  A queen bee (Lair:1)
  2 trolls
  A hornet (Lair:5)
  3 polar bears (Lair:5)
  5 blink frogs
  A snapping turtle (Lair:5)
  A shadow (D:10)
  12 yaks
  3 wyverns (Lair:5)
  A steam dragon (D:7)
  2 water moccasins
  2 orc warriors
  An ice beast (D:5)
  2 orc skeletons (Orc:1)
  2 sky beasts (D:7)
  A black bear (D:7)
  3 ogres
  3 wolves
  2 kobold brigands
  A bullfrog (Lair:3)
  A cyclops zombie (Orc:1)
  A warg zombie (Orc:1)
  2 wights (D:6)
  A cyclops skeleton (Orc:1)
  3 killer bees
  A jelly (D:5)
  2 orc priests
  Crazy Yiuf (D:2)
  5 orc wizards
  A gnoll (D:12)
  A white imp (D:6)
  2 ufetubi (D:7)
  21 orcs
  3 kobolds (D:7)
  2 goblin skeletons (D:7)
  A goblin zombie (D:7)
  3 orc zombies
119 creatures vanquished.

Vanquished Creatures (others)
  A dwarf zombie (Orc:1)
  A harpy zombie (Lair:5)
  2 hydra zombies
  An elf zombie (D:13)
  2 human zombies (Orc:1)
  A blink frog zombie (Lair:5)
  A komodo dragon zombie (Lair:5)
  2 wyvern zombies (Lair:5)
  A tengu zombie (D:13)
  A basilisk zombie (Lair:5)
  9 knights
  31 orc zombies (Orc:1)
53 creatures vanquished.

Grand Total: 625 creatures vanquished

Notes
Turn   | Place    | Note
-------+----------+-------------------------------------------
     0 | D:1      | jagoly the Barachi Ice Elementalist began the quest for the
                  | Orb.
     0 | D:1      | Reached XP level 1. HP: 13/13 MP: 3/3
    66 | D:1      | Found Abocwour's Armour Boutique.
   188 | D:1      | Found Alesu's Jewellery Shop.
   216 | D:1      | Reached skill level 5 in Ice Magic
   216 | D:1      | Reached XP level 2. HP: 19/19 MP: 2/5
   614 | D:2      | Noticed Sigmund
   933 | D:3      | Reached XP level 3. HP: 12/24 MP: 2/7
  1002 | D:3      | Learned a level 3 spell: Stone Arrow
  1101 | D:3      | Noticed Ijyb
  1233 | D:3      | Reached skill level 1 in Conjurations
  1244 | D:3      | Learned a level 3 spell: Frozen Ramparts
  1246 | D:3      | Reached skill level 1 in Earth Magic
  1278 | D:3      | Noticed Robin
  1343 | D:3      | Killed Robin
  1474 | D:3      | Reached XP level 4. HP: 30/30 MP: 4/8
  1672 | D:3      | Noticed Jessica
  1720 | D:3      | Noticed Grinder
  1784 | D:3      | Killed Jessica
  1785 | D:3      | Reached XP level 5. HP: 31/35 MP: 4/9
  2653 | D:3      | Killed Ijyb
  2654 | D:3      | Reached XP level 6. HP: 32/41 MP: 3/10
  2743 | D:4      | Identified the +9 mace "Guadiu" {heavy, rN+}
  2880 | D:4      | Found a blossoming altar of Fedhas.
  2887 | D:4      | Found a shadowy altar of Dithmenos.
  2906 | D:4      | Found a broken altar of Ashenzari.
  3181 | D:4      | Reached skill level 1 in Fighting
  3408 | D:4      | Found a staircase to the Ecumenical Temple.
  3417 | Temple   | Entered the Ecumenical Temple
  3427 | Temple   | Became a worshipper of Hepliaklqana the Forgotten
  3631 | D:5      | Entered Level 5 of the Dungeon
  3690 | D:5      | Reached XP level 7. HP: 51/51 MP: 4/13
  3924 | D:5      | Found a basalt altar of Yredelemnul.
  4036 | D:5      | Found a radiant altar of Vehumet.
  4100 | D:5      | Found Ricsoqo's Weapon Shoppe.
  4365 | D:5      | Reached skill level 1 in Armour
  4639 | D:5      | Found an ancient bone altar of Kikubaaqudgha.
  4946 | D:4      | Reached skill level 5 in Fighting
  4946 | D:4      | Reached XP level 8. HP: 62/62 MP: 7/14
  5342 | D:6      | Reached * piety under Hepliaklqana
  5501 | D:6      | Reached skill level 5 in Conjurations
  5571 | D:6      | Reached skill level 5 in Spellcasting
  5651 | D:6      | Noticed Blork the orc
  5654 | D:6      | Killed Blork the orc
  5876 | D:6      | Found an ornate altar of the Wu Jian Council.
  5902 | D:6      | Reached skill level 5 in Dodging
  5902 | D:6      | Reached XP level 9. HP: 50/62 MP: 6/16
  7054 | D:7      | Found a glowing golden altar of the Shining One.
  7852 | D:7      | Reached XP level 10. HP: 69/74 MP: 1/17
  8040 | D:7      | Reached ** piety under Hepliaklqana
  8041 | D:7      | Remembered your ancestor The Crazy Frog as a knight
  8288 | D:7      | Found a shimmering blue altar of Sif Muna.
  8305 | D:7      | Noticed Maggie
  8325 | D:7      | Identified the +0 leather armour "Xaxkioce" {Fly Regen+}
  8644 | D:8      | Reached skill level 10 in Fighting
  9117 | D:8      | Identified the +2 robe "Agrematoet" {Int+5}
  9487 | D:3      | Killed Grinder
  9724 | D:2      | Found a runed translucent door.
  9725 | D:2      | Noticed Crazy Yiuf
  9732 | D:2      | Killed Crazy Yiuf
  9828 | D:2      | Killed Sigmund
 10325 | D:6      | Noticed Pikel
 10340 | D:6      | Killed Pikel
 10592 | D:7      | Killed Maggie
 10700 | D:9      | Noticed Erica
 10710 | D:9      | Killed Erica
 11249 | D:9      | Reached XP level 11. HP: 81/81 MP: 19/23
 11296 | D:9      | Reached skill level 5 in Throwing
 11649 | D:10     | Entered Level 10 of the Dungeon
 11649 | D:10     | Reached *** piety under Hepliaklqana
 11708 | D:10     | Noticed Urug
 11714 | D:10     | Killed Urug
 12213 | D:10     | Found a burning altar of Makhleb.
 12403 | D:10     | Noticed a boulder beetle
 12419 | D:10     | Killed a boulder beetle
 12609 | D:10     | Found an iron altar of Okawaru.
 12665 | D:10     | Found a stormy altar of Qazlal.
 13064 | D:11     | Found a white marble altar of Elyvilon.
 13128 | D:11     | Noticed a two-headed ogre
 13136 | D:11     | Killed a two-headed ogre
 13137 | D:11     | Reached skill level 10 in Throwing
 13320 | D:11     | Identified the +0 short sword "Wyassut" {freeze, Will+}
 13346 | D:11     | Learned a level 3 spell: Passwall
 13361 | D:11     | Found a staircase to the Orcish Mines.
 13587 | D:11     | Found a staircase to the Lair.
 13609 | D:11     | Reached XP level 12. HP: 87/87 MP: 8/24
 13824 | D:11     | Reached **** piety under Hepliaklqana
 13939 | D:11     | Upgraded the game from 0.32-a0-134-gc02fa2a to
                  | 0.32-a0-135-g14f8b2e
 14080 | D:12     | Identified the +0 scale mail "Ruoleyga" {Dex+3}
 14337 | D:12     | You fall into a shaft and drop 1 floor!
 14354 | D:13     | Noticed Sonja
 15425 | D:12     | Learned a level 5 spell: Borgnjor's Vile Clutch
 15471 | Lair:1   | Entered Level 1 of the Lair of Beasts
 15491 | Lair:1   | Reached skill level 10 in Dodging
 15578 | Lair:1   | Reached skill level 5 in Earth Magic
 15707 | Lair:1   | Found a radiant altar of Vehumet.
 15734 | Lair:1   | Reached skill level 1 in Necromancy
 15836 | Lair:1   | Reached skill level 5 in Necromancy
 16112 | Lair:1   | Reached ***** piety under Hepliaklqana
 16385 | Lair:2   | Gained mutation: You can hop long distances. [Barachi
                  | growth]
 16385 | Lair:2   | Reached XP level 13. HP: 97/97 MP: 15/25
 16543 | Lair:2   | Found a hole to the Spider Nest.
 16933 | Lair:1   | Learned a level 2 spell: Sublimation of Blood
 17127 | Lair:2   | Learned a level 4 spell: Animate Dead
 18047 | Lair:2   | Reached skill level 1 in Evocations
 18852 | Lair:3   | Found a shimmering altar of Xom.
 19212 | Lair:3   | Found a staircase to the Swamp.
 19323 | Lair:4   | Reached XP level 14. HP: 103/103 MP: 19/26
 19533 | Lair:4   | Reached skill level 10 in Necromancy
 19555 | Lair:4   | Learned a level 6 spell: Death Channel
 20159 | Lair:4   | Found a staircase to the Slime Pits.
 20167 | Lair:4   | Found a viscous altar of Jiyva.
 20377 | Lair:4   | Learned a level 3 spell: Swiftness
 20405 | Lair:5   | Entered Level 5 of the Lair of Beasts
 21175 | Lair:5   | Reached skill level 5 in Armour
 21740 | Orc:1    | Entered Level 1 of the Orcish Mines
 21755 | Orc:1    | Noticed an orc warlord
 21755 | Orc:1    | Noticed Jorgrun
 21792 | Orc:1    | Killed Jorgrun
 21797 | Orc:1    | Your ally Jorgrun died
 21805 | Orc:1    | Killed an orc warlord
 22389 | D:13     | Mangled by a boulder beetle

Illustrated notes

Levels and vault maps discovered:
D:1:      wander_arrival_lonely_grave, layout_rooms, serial_shops, shop,
          nicolae_shop_gaudy_bauble, shop
D:2:      layout_rooms, uniq_sigmund, uniq_crazy_yiuf_cottage
D:3:      layout_basic, uniq_robin, uniq_jessica, uniq_ijyb, uniq_grinder
D:4:      layout_cave_pools, overflow_temple_1_default,
          nicolae_overflow_hidden_temple, minmay_temple_entry_enclosed_plants
D:5:      minmay_clustersquares, layout_cave_pods, mainiacjoe_overflow_chevrons,
          jmf_multi_god_temple, serial_shops, nicolae_shop_gibbet_a_chance
D:6:      layout_cave_pods, nicolae_wu_jian_wuxing_cycle,
          nicolae_concentric_dashed_squares_mild, grunt_decor_mini_mirrors,
          uniq_blork_the_orc, uniq_pikel
D:7:      layout_cave_pools, led_sif_pool, nicolae_tso_besieged_by_evil,
          hangedman_misty_isle, uniq_maggie
D:8:      layout_basic
D:9:      layout_basic, uniq_erica
D:10:     layout_long_grid, nicolae_qazlal_eye_of_the_storm,
          okawaru_metal_pillars_1_2, bloody_makhleb, kennysheep_generic_room_10,
          uniq_urug
D:11:     layout_basic, david_lair_shrubbed, chequers_serial_rivers_room_b,
          minivault_16, elyvilon_altar_1
D:12:     layout_rooms
D:13:     layout_rooms, david_vaults_2, minivault_28, uniq_sonja
Temple:   hellmonk_temple_rainy
Lair:1:   layout_cave_shapes, basic_altar, special_room [special_room_bee],
          lemuel_fruit_tree
Lair:2:   statuecave_lemuel, layout_cave_pods,
          nicolae_spider_entry_orb_guardian, infiniplex_staircase_pool
Lair:3:   layout_misc_corridors, nicolae_swamp_entry_splash_gauntlet,
          basic_altar, gammafunk_lair_bear_cave
Lair:4:   layout_cave_pods, slime_entry_1, minmay_lair_oklob_bushes,
          grunt_forest_small_clearing_treed
Lair:5:   gammafunk_lair_ancient_temple, layout_cave_pods
Orc:1:    dreamdust_under_siege, layout_caves, uniq_jorgrun

Skill      XL: |  1  2  3  4  5  6  7  8  9 10 11 12 13 14 |
---------------+-------------------------------------------+-----
Stealth        | 2 3 4 |  4.0
Ice Magic      | 5 |  5.0
Spellcasting   | 3 4 5 8 9 |  9.0
Conjurations   | 1 2 4 5 6 |  6.0
Earth Magic    | 1 2 3 4 6 8 |  8.0
Fighting       | 2 5 6 9 10 12 | 12.0
Dodging        | 4 5 7 8 10 | 10.0
Armour         | 2 3 4 8 |  8.4
Throwing       | 4 10 | 10.0
Necromancy     | 5 9 12 | 12.0
Evocations     | 4 |  4.0

Action                     |  1- 3 |  4- 6 |  7- 9 | 10-12 | 13-15 || total
---------------------------+-------+-------+-------+-------+-------++-------
  Melee: Trident           |     1 |       |     1 |       |       ||     2
         Staff             |       |     2 |     5 |    11 |    10 ||    28
         Dagger            |       |       |     3 |     5 |       ||     8
         Punch             |       |       |       |     2 |       ||     2
         Scimitar          |       |       |       |     1 |       ||     1
         Short sword       |       |       |       |       |     8 ||     8
   Fire: Sling             |    40 |    58 |     6 |       |       ||   104
         Orcbow            |       |       |    30 |       |       ||    30
  Throw: Stone             |       |     4 |     3 |    23 |    15 ||    45
         Dart              |       |       |       |     4 |    13 ||    17
   Cast: Freeze            |    19 |    33 |    40 |    32 |    32 ||   156
         Frozen Ramparts   |     5 |    27 |    25 |    45 |    38 ||   140
         Stone Arrow       |       |     2 |    69 |   176 |   195 ||   442
         Sublimation of Bl |       |       |       |       |   121 ||   121
         Passwall          |       |       |       |       |     3 ||     3
         Borgnjor's Vile C |       |       |       |       |    67 ||    67
         Death Channel     |       |       |       |       |     5 ||     5
         Animate Dead      |       |       |       |       |     4 ||     4
 Invoke: Ancestor Identity |       |       |     1 |     1 |       ||     2
         Recall Ancestor   |       |       |     5 |     7 |     6 ||    18
         Ancestor Life: Kn |       |       |       |     1 |       ||     1
Ability: Hop               |     1 |     2 |     3 |     1 |     1 ||     8
  Evoke: Wand              |       |       |     6 |       |     6 ||    12
         Lightning rod     |       |       |       |       |     5 ||     5
         Box of beasts     |       |       |       |       |     1 ||     1
    Use: Potion            |       |     1 |       |     2 |     8 ||    11
         Scroll            |       |       |       |    10 |     3 ||    13
 Armour: Robe              |     9 |    30 |     2 |    40 |    29 ||   110
         Leather armour    |       |       |    17 |    14 |    60 ||    91
         Steam dragon scal |       |       |    23 |     6 |       ||    29
         Quicksilver drago |       |       |       |       |    31 ||    31
  Dodge: Dodged            |    13 |    29 |    37 |    85 |   111 ||   275

Table legend: (Time is in decaauts)
 A = Elapsed time spent in this place.
 B = Non-inter-level travel time spent in this place.
 C = Inter-level travel time spent in this place.
 D = Time resting spent in this place.
 E = Time spent auto-exploring this place.
 F = Levels seen in this place.
 G = Mean time per level.
                   A        B        C        D        E       F      G
               +--------+--------+--------+--------+--------+-----+--------+
         Total |  24872 |  23339 |   1533 |   4538 |  12749 |  20 | 1243.6 |
       Dungeon |  17251 |  16151 |   1100 |   3999 |   7776 |  13 | 1327.0 |
        Temple |     24 |      3 |     21 |      0 |      0 |   1 |   24.0 |
          Lair |   6972 |   6624 |    348 |    539 |   4630 |   5 | 1394.4 |
  Orcish Mines |    624 |    561 |     63 |      0 |    342 |   1 |  624.0 |
               +--------+--------+--------+--------+--------+-----+--------+

Top non-repeatable levels by time:
     D:6: 2550 daAuts
  Lair:2: 2224 daAuts
     D:5: 1857 daAuts
     D:3: 1751 daAuts
    D:12: 1590 daAuts
     D:7: 1546 daAuts
    D:10: 1438 daAuts
  Lair:5: 1352 daAuts
     D:4: 1313 daAuts
  Lair:4: 1296 daAuts
     D:2: 1283 daAuts
    D:11: 1257 daAuts
  Lair:3: 1112 daAuts
     D:9: 1102 daAuts
  Lair:1: 987 daAuts
